 Dungeon Crawl Stone Soup version 0.19-a0-734-ge18daf0 (webtiles) character file.

62 tyrsky the Ruffian (level 3, -6/29 HPs)
             Began as a Draconian Transmuter on June 22, 2016.
             Was an Initiate of Cheibriados.
             Mangled by a gnoll
             ... wielding a +0 spear
              (7 damage)
             ... on level 2 of the Dungeon.
             The game lasted 00:03:34 (1287 turns).

tyrsky the Ruffian (Draconian Transmuter)           Turns: 1287, Time: 00:03:34

Health: -6/29      AC:  7    Str: 14    XL:     3   Next: 85%
Magic:  6/6        EV: 11    Int: 19    God:    Cheibriados [......]
Gold:   123        SH:  4    Dex: 12    Spells: 2 memorised, 3 levels left

rFire  . . .     SeeInvis .       - Unarmed
rCold  . . .     Gourm    .     (armour unavailable)
rNeg   . . .     Faith    .     e - +0 buckler
rPois  .         Spirit   .     (helmet restricted)
rElec  .         Dismiss  .     h - +0 cloak
rCorr  .         Reflect  .     o - +0 pair of gloves
SustAt .         Harm     .     (boots currently unavailable)
MR     .....     Clarity  +     (no amulet)
Stlth  +.........               (no ring)
                                (no ring)

@: brilliant, appendage (expiring), slow, not resistant to hostile enchantments,
very unstealthy
A: unfitting armour, talons 3, clarity, cold-blooded, AC +5
a: End Transformation, Bend Time, Renounce Religion


You were on level 2 of the Dungeon.
You worshipped Cheibriados.
Cheibriados was noncommittal.
You were hungry.
You had grown temporary talons.
You visited 1 branch of the dungeon, and saw 2 of its levels.

You collected 123 gold pieces.

Inventory:

Missiles
 a - 11 arrows
Armour
 e - a +0 buckler (worn)
 h - a +0 cloak (worn)
 o - a +0 pair of gloves (worn)
Scrolls
 g - 3 scrolls of identify {unknown}
 k - a scroll of immolation {unknown}
Potions
 j - a potion of mutation
Books
 b - a book of Changes

   Spells                             Type                      Level
   a - Beastly Appendage              Transmutation                1
   b - Sticks to Snakes               Transmutation                2
   c - Spider Form                    Transmutation/Poison         3
   d - Ice Form                       Ice/Transmutation            4
   e - Blade Hands                    Transmutation                5
Comestibles
 c - a bread ration
 d - a royal jelly
 f - 2 fruits
 l - a slice of pizza
 m - a meat ration


   Skills:
 + Level 2.1 Fighting
 - Level 1.7 Dodging
 + Level 1.5 Shields
 * Level 4.0 Unarmed Combat
 - Level 2.0 Spellcasting
 - Level 2.0 Transmutations


You had 3 spell levels left.
You knew the following spells:

 Your Spells              Type           Power        Failure   Level  Hunger
a - Beastly Appendage     Tmut           ###...       1%          1    #......
b - Sticks to Snakes      Tmut           ###.....     2%          2    ###....


Dungeon Overview and Level Annotations

Branches:
Dungeon (2/15)

Altars:
Cheibriados


Innate Abilities, Weirdness & Mutations

Your plain brown scales are hard. (AC +5)
Your body does not fit into most forms of armour.
You are cold-blooded and may be slowed by cold attacks.
You have claws for feet.
You possess an exceptional clarity of mind.


Message History

The gnoll is severely wounded.
The gnoll hits you from afar with a spear.
* * * LOW HITPOINT WARNING * * *
The gnoll closely misses you.
Your transformation is almost over.
The gnoll closely misses you.
It was a potion of mutation.
You feel extremely strange.
You feel weaker.
Your thoughts seem clearer.
The gnoll hits you from afar with a spear.
* * * LOW HITPOINT WARNING * * *
The gnoll closely misses you.
It was a potion of brilliance.
You feel clever all of a sudden.
The gnoll hits you from afar with a spear.
* * * LOW HITPOINT WARNING * * *
The gnoll hits you but does no damage.
It was a potion of cure mutation.
It has a very clean taste.
You feel stronger.
The gnoll hits you from afar with a spear!
You die...

# #. #.# #.###
#).# #.#.#
#g##g# ####g#
##.#d# ##.#..#
#.#...# #...##
##.## ###### #.#
.....# #[#
.....#########.#
####.##........#


You could see 2 gnolls.

Vanquished Creatures
  An adder (D:2)
  A gnoll (D:2)
  2 worms (D:2)
  2 dart slugs (D:2)
  A giant gecko (D:1)
  A giant cockroach (D:2)
  6 goblins
  5 hobgoblins
  5 kobolds
  5 bats
  A giant newt (D:2)
  3 rats
33 creatures vanquished.

Notes
Turn   | Place    | Note
--------------------------------------------------------------
     0 | D:1      | tyrsky the Draconian Transmuter began the quest for the Orb.
     0 | D:1      | Reached XP level 1. HP: 16/16 MP: 3/3
   242 | D:1      | Reached XP level 2. HP: 17/23 MP: 3/5
   339 | D:1      | Reached skill level 1 in Shields
   888 | D:2      | Learned a level 2 spell: Sticks to Snakes
   937 | D:2      | Reached XP level 3. HP: 25/28 MP: 6/6
  1144 | D:2      | Found a snail-covered altar of Cheibriados.
  1151 | D:2      | Became a worshipper of Cheibriados the Contemplative
  1279 | D:2      | Reached skill level 4 in Unarmed Combat
  1285 | D:2      | Gained mutation: You are weak. (Str -2) [potion of mutation]
  1285 | D:2      | Gained mutation: You possess an exceptional clarity of mind. [potion of mutation]
  1286 | D:2      | HP: 1/29 [gnoll/spear (1)]
  1287 | D:2      | Lost mutation: You are weak. (Str -2) [potion of cure mutation]
  1287 | D:2      | Mangled by a gnoll

Vault maps used:
D:1:      minmay_arrival_stone_box, serial_bayou_pond_e
D:2:      cheibriados_altar_1

Skill      XL: |  1  2  3 |
---------------+----------+-----
Shields        | 1 |  1.5
Fighting       | 2 |  2.1
Unarmed Combat | 4 |  4.0
Dodging        | |  1.7
Spellcasting   | |  2.0
Transmutations | |  2.0

Action                   || total
-------------------------++-------
Melee: Unarmed           ||   141
       Tailslap          ||    11
       Headbutt          ||     4
       Kick              ||     1
 Cast: Beastly Appendage ||     8
       Sticks to Snakes  ||     1
  Use: Potion            ||     3
 Stab: Sleeping          ||     1
  Eat: Chunk             ||     1
Armor: Skin              ||    58
Dodge: Dodged            ||    88
Block: Buckler           ||    22
